 Dungeon Crawl Stone Soup version 0.27-a0-1456-gf5a116941d (webtiles) character file.

Game seed: 14351011978762453730

57 trckry the Firebug (level 3, -3/19 HPs)
             Began as a Deep Elf Fire Elementalist on July 7, 2021.
             Shot with a stone by a goblin (4 damage)
             ... led by Robin
             ... on level 2 of the Dungeon.
             The game lasted 00:02:25 (1430 turns).

trckry the Firebug (Deep Elf Fire Elementalist)     Turns: 1430, Time: 00:02:25

Health: -3/19      AC:  3    Str:  6    XL:     3   Next: 73%
Magic:  1/10       EV: 12    Int: 19    God:
Gold:   37         SH:  0    Dex: 15    Spells: 8/9 levels left

rFire    . . .     SeeInvis .   (no weapon)
rCold    . . .     Faith    .   (no shield)
rNeg     . . .     Spirit   .   a - +0 robe
rPois    .         Reflect  .   (no helmet)
rElec    .         Harm     .   (no cloak)
rCorr    .         Rampage  .   b - +0 pair of gloves
Will     .....                  (no boots)
Stlth    ++........             (no amulet)
HPRegen  0.06/turn              (no ring)
MPRegen  0.12/turn              (no ring)

@: about to teleport
A: no striking features
a: no special abilities


You were on level 2 of the Dungeon.
You visited 1 branch of the dungeon, and saw 2 of its levels.

You collected 37 gold pieces.

Inventory:

Armour
 a - a +0 robe (worn)
 b - a +0 pair of gloves (worn)
Scrolls
 d - a scroll of enchant armour {unknown}
 f - a scroll of teleportation
 g - 2 scrolls of immolation {unknown}
Potions
 c - 2 potions of heal wounds {unknown}
 e - a potion of degeneration {unknown}


   Skills:
 - Level 2.4 Dodging
 - Level 2.4 Stealth
 + Level 3.7 Spellcasting
 * Level 2.6 Conjurations
 * Level 4.1 Fire Magic


You had 8 spell levels left.
You knew the following spells:

 Your Spells              Type           Power      Damage    Failure   Level
a - Foxfire               Conj/Fire      64%        2x1d7     3%          1

Your spell library contained the following spells:

 Spells                   Type           Power      Damage    Failure   Level
 Conjure Flame            Conj/Fire      16%        6-21      11%         3
 Inner Flame              Hex/Fire       11%        N/A       19%         3
 Sticky Flame             Conj/Fire      16%        2d4       34%         4
 Fireball                 Conj/Fire      8%         3d6       69%         5


Dungeon Overview and Level Annotations

Branches:
Dungeon (2/15)

Altars:

Shops:
D:1 (

Annotations:
D:2 Robin


Message History

There is a stone staircase leading down here.
The goblin unwields a +0 dagger.
The goblin wields a +0 hunting sling.
The goblin shoots a stone.
The stone hits you.
You take 1 damage, and have 10/19 hp.
Casting: Foxfire (safe; 3% risk of failure)
Confirm with . or Enter, or press ? or * to list all spells.
You conjure some foxfire!
The goblin hits you with a +0 dagger. The goblin hits you with a +0 club.
* * * LOW HITPOINT WARNING * * *
You take 5 damage, and have 5/19 hp.
MASSIVE DAMAGE!!
You now have 2/10 mp.
Your foxfire dissipates!
The foxfire hits the goblin.
You kill the goblin!
Casting: Foxfire (safe; 3% risk of failure)
Confirm with . or Enter, or press ? or * to list all spells.
You conjure some foxfire!
The goblin hits you with a +0 dagger.
* * * LOW HITPOINT WARNING * * *
The rat closely misses you.
You take 1 damage, and have 4/19 hp.
You now have 1/10 mp.
The foxfire hits the goblin!
You kill the goblin!
The foxfire hits the rat.
You kill the rat!
The goblin shoots a stone.
The stone barely misses you.
Casting: Foxfire (safe; 3% risk of failure)
Confirm with . or Enter, or press ? or * to list all spells.
You conjure some foxfire!
The goblin shoots a stone.
The stone hits you.
* * * LOW HITPOINT WARNING * * *
Robin roars a battlecry!
The goblins go into a battle-frenzy!
You take 3 damage, and have 1/19 hp.
You now have 0/10 mp.
The foxfire hits the hobgoblin.
The hobgoblin is almost dead.
The foxfire hits the goblin.
The goblin is heavily wounded.
The goblin shoots a stone.
The stone misses you.
As you read the scroll labelled MAERGH YNNOCEBB, it crumbles to dust.
You feel strangely unstable.
It was a scroll of teleportation.
The goblin shoots a stone.
The stone hits you.
You die...

#..#
#################.g#
#..........).......#
#......)....######.#
#......gg.>.+ .#
#...........# ##
#....§g.....#
#...§§......#
#..@§.......#
#...........#
#...........#
##########+##


You could see Robin, a hobgoblin (strong) and a goblin (strong).

Vanquished Creatures
  2 adders (D:2)
  3 worms (D:2)
  2 endoplasms (D:1)
  8 goblins
  2 hobgoblins (D:2)
  3 jackals (D:1)
  A quokka (D:1)
  A ball python (D:1)
  2 frilled lizards (D:2)
  2 kobolds (D:1)
  4 rats
30 creatures vanquished.

Vanquished Creatures (others)
  92 foxfires
92 creatures vanquished.

Grand Total: 122 creatures vanquished

Notes
Turn   | Place    | Note
-------+----------+-------------------------------------------
     0 | D:1      | trckry the Deep Elf Fire Elementalist began the quest for
                  | the Orb.
     0 | D:1      | Reached XP level 1. HP: 10/10 MP: 6/6
   177 | D:1      | Found Pageabah's Antique Weapon Shop.
   584 | D:1      | Reached XP level 2. HP: 15/15 MP: 4/8
  1075 | D:2      | Reached XP level 3. HP: 19/19 MP: 4/9
  1396 | D:2      | Noticed Robin
  1403 | D:2      | Reached skill level 4 in Fire Magic
  1428 | D:2      | HP: 1/19 [goblin/stone[Robin] (3)]
  1430 | D:2      | Shot with a stone by a goblin

Illustrated notes

Levels and vault maps discovered:
D:1:      roderic_chinese_lattice_arrival, layout_loops_ring, serial_shops, shop
D:2:      minmay_door_path, layout_basic, ebering_ecumenical_altar_petrified,
          uniq_robin

Skill      XL: |  1  2  3 |
---------------+----------+-----
Conjurations   | 2 |  2.6
Fire Magic     | 4 |  4.1
Dodging        | |  2.4
Stealth        | |  2.4
Spellcasting   | |  3.7

Action                   || total
-------------------------++-------
 Cast: Foxfire           ||    55
  Use: Scroll            ||     1
Armor: Robe              ||     4
Dodge: Dodged            ||     9

Table legend: (Time is in decaauts)
 A = Elapsed time spent in this place.
 B = Non-inter-level travel time spent in this place.
 C = Inter-level travel time spent in this place.
 D = Time resting spent in this place.
 E = Time spent auto-exploring this place.
 F = Levels seen in this place.
 G = Mean time per level.
                   A        B        C        D        E       F      G
               +--------+--------+--------+--------+--------+-----+--------+
         Total |   1429 |   1429 |      0 |      0 |   1273 |   2 |  714.5 |
       Dungeon |   1429 |   1429 |      0 |      0 |   1273 |   2 |  714.5 |
               +--------+--------+--------+--------+--------+-----+--------+

Top non-repeatable levels by time:
     D:1: 992 daAuts
     D:2: 437 daAuts
